 Dungeon Crawl Stone Soup version 0.26.1-11-gd32895ea62 (webtiles) character file.

Game seed: 4056187091403677642

10826 vvl the Ruffian (level 11, -17/91 HPs)
             Began as a Grey Draconian Transmuter on July 7, 2021.
             Was a Priest of Kikubaaqudgha.
             Demolished by a two-headed ogre
             ... wielding a +0 giant club
              (23 damage)
             ... while paralysed by an ogre mage
             ... on level 11 of the Dungeon on July 8, 2021.
             The game lasted 00:39:33 (11321 turns).

vvl the Ruffian (Grey Draconian Transmuter)        Turns: 11321, Time: 00:39:33

Health: -17/91     AC: 18    Str: 15    XL:     11   Next: 41%
Magic:  19/19      EV:  2    Int: 13    God:    Kikubaaqudgha [***...]
Gold:   379        SH:  0    Dex: 13    Spells: 20/21 levels left

rFire    . . .     SeeInvis .   B - +7 rapier (venom)
rCold    + . .     Faith    .   y - +0 buckler
rNeg     . . .     Spirit   .   (armour unavailable)
rPois    .         Reflect  .   (helmet restricted)
rElec    .         Harm     .   C - +1 cloak
rCorr    .         Rampage  .   g - +0 pair of gloves
Will     .....                  h - +2 pair of boots
Stlth    +.........             E - amulet of regeneration
HPRegen  0.65/turn              s - ring of protection from cold
MPRegen  0.16/turn              v - +4 ring of evasion

@: paralysed
A: walk through water, unfitting armour, unbreathing, cold-blooded, AC +12
a: Renounce Religion, Receive Corpses


You were on level 11 of the Dungeon.
You worshipped Kikubaaqudgha.
Kikubaaqudgha was most pleased with you.
You visited 2 branches of the dungeon, and saw 12 of its levels.
You also visited: Bailey.

You collected 648 gold pieces.
You spent 269 gold pieces at shops.

Inventory:

Hand Weapons
 a - a +0 whip of electrocution
 B - a +7 rapier of venom (weapon)
 G - a +2 whip of pain
Armour
 g - a +0 pair of gloves (worn)
 h - a +2 pair of boots (worn)
 y - a +0 buckler (worn)
 C - a +1 cloak (worn)
Magical Staves
 l - an uncursed staff of air
Jewellery
 s - a ring of protection from cold (left hand)
 v - a +4 ring of evasion (right hand)
 E - an amulet of regeneration (around neck)
Wands
 i - a wand of digging (3)
 t - a wand of random effects (8)
 x - a wand of polymorph (7)
 D - a wand of flame (32)
 I - a wand of paralysis (2)
Scrolls
 c - 7 scrolls of enchant armour
 d - 10 scrolls of remove curse
 k - a scroll of fear {unknown}
 o - a scroll of random uselessness {unknown}
 p - 5 scrolls of amnesia
 u - 5 scrolls of teleportation
 z - a scroll of magic mapping
 A - 2 scrolls of vulnerability {unknown}
 F - 2 scrolls of fog {unknown}
 J - a scroll of immolation {unknown}
 K - 2 scrolls of identify
Potions
 b - 3 potions of flight
 e - 3 potions of mutation
 f - 2 potions of berserk rage {unknown}
 j - 3 potions of invisibility
 m - a potion of heal wounds {unknown}
 n - 5 potions of lignification
 q - 3 potions of haste
 r - 3 potions of might
 w - a potion of attraction {unknown}
 L - a potion of curing
 M - a potion of cancellation {unknown}


   Skills:
 + Level 6.6 Fighting
 + Level 4.1 Maces & Flails
 + Level 5.9 Dodging
 - Level 4.0 Shields
 + Level 7.3 Unarmed Combat
 + Level 5.9 Spellcasting
 + Level 5.3 Necromancy
 + Level 6.8 Transmutations
 + Level 6.4 Earth Magic
 + Level 5.6 Evocations


You had 20 spell levels left.
You knew the following spells:

 Your Spells              Type           Power        Failure   Level
a - Beastly Appendage     Tmut           42%          1%          1

Your spell library contained the following spells:

 Spells                   Type           Power        Failure   Level
 Animate Skeleton         Necr           34%          1%          1
 Pain                     Necr           68%          1%          1
 Wereblood                Tmut           21%          1%          2
 Sublimation of Blood     Necr           8%           3%          2
 Vampiric Draining        Necr           8%           6%          3
 Spider Form              Tmut/Pois      6%           13%         3
 Foxfire                  Conj/Fire      12%          17%         1
 Magic Dart               Conj           12%          17%         1
 Summon Small Mammal      Summ           12%          17%         1
 Animate Dead             Necr           8%           19%         4
 Dispel Undead            Necr           17%          19%         4
 Call Imp                 Summ           3%           26%         2
 Searing Ray              Conj           6%           26%         2
 Blade Hands              Tmut           10%          28%         5
 Ice Form                 Ice/Tmut       12%          38%         4
 Borgnjor's Vile Clutch   Necr/Erth      9%           38%         5
 Call Canine Familiar     Summ           3%           45%         3
 Conjure Flame            Conj/Fire      3%           45%         3
 Dazzling Flash           Conj/Hex       6%           45%         3
 Inner Flame              Hex/Fire       3%           45%         3
 Summon Guardian Golem    Hex/Summ       3%           45%         3
 Agony                    Necr           17%          47%         5
 Excruciating Wounds      Necr           8%           47%         5
 Fulminant Prism          Conj/Hex       1%           86%         4
 Iskenderun's Mystic Bla  Conj/Tloc      3%           86%         4
 Sticky Flame             Conj/Fire      3%           86%         4
 Summon Ice Beast         Ice/Summ       3%           86%         4
 Summon Lightning Spire   Summ/Air       3%           86%         4
 Fireball                 Conj/Fire      1%           99%         5


Dungeon Overview and Level Annotations

Branches:
Dungeon (11/15)            Temple (1/1) D:6            Lair (0/6) D:8
    Orc (0/2) D:10         Bailey (visited)

Altars:
Ashenzari
Cheibriados
Dithmenos
Elyvilon
Fedhas
Gozag
Hepliaklqana
Kikubaaqudgha
Makhleb
Nemelex Xobeh
Okawaru
Qazlal
Ru
Sif Muna
Trog
Uskayaw
Vehumet
Wu Jian
Xom
Yredelemnul
Zin
The Shining One

Shops:
D:9 *


Innate Abilities, Weirdness & Mutations

You can walk through water.
Your dull iron-grey scales are very hard. (AC +12)
You cannot fit into any form of body armour.
You can survive without breathing.
You are cold-blooded and may be slowed by cold attacks.


Message History

The ogre mage looks as sick as possible!
The ogre mage is heavily wounded.
The ogre mage points at you and mumbles some strange words.
You suddenly lose the ability to move!
The two-headed ogre hits you with a +0 giant club! x2
The ogre mage hits you but does no damage.
The ogre mage hits you but does no damage.
The two-headed ogre hits you with a +0 giant club!
The two-headed ogre hits you but does no damage.
The ogre mage hits you but does no damage.
The sky beast hits you but does no damage.
The two-headed ogre hits you with a +0 giant club!
* * * LOW HITPOINT WARNING * * *
The two-headed ogre hits you with a +0 giant club!
* * * LOW HITPOINT WARNING * * *
The ogre mage hits you but does no damage.
The sky beast hits you but does no damage.
The two-headed ogre hits you with a +0 giant club!!
You die...
Kikubaaqudgha rasps: "You have failed me!
Welcome... death!"

.....# [.....# .......
### .......####.########
. ...........(.......##
#. ....................#
..
#.....O....#........##.<
##.O@..#........##...
#..Y..#............#
#....##............#
#....# ##.......##..#
#....# #......###..#
....# ##....## #..# ...#
#...## #..# .#. #####
#..# #..#


You could see a two-headed ogre, an ogre mage (extremely poisoned) and a sky
beast.

Vanquished Creatures
  A hydra (D:11)
  4 two-headed ogres (D:11)
  An unseen horror (D:10)
  A komodo dragon (D:7)
  2 trolls (D:9)
  2 hornets
  Eustachio (D:5)
  Edmund (D:4)
  A black bear (D:8)
  6 orc warriors
  2 ice beasts
  2 sky beasts
  4 phantoms
  9 ogres
  14 centaurs
  4 bullfrogs
  A gnoll sergeant (D:9)
  3 scorpions
  3 killer bees (D:7)
  A howler monkey (D:9)
  5 wights
  5 electric eels (D:10)
  A centaur zombie (D:5)
  A bullfrog zombie (D:5)
  4 jellies
  6 orc priests
  A gnoll shaman (D:9)
  4 hounds
  7 orc wizards
  2 centaur skeletons
  2 bullfrog skeletons
  6 worker ants
  A hound zombie (D:7)
  14 adders
  5 gnolls (D:9)
  2 shadow imps
  5 white imps
  3 ufetubi
  An ooze (D:6)
  An adder zombie (D:7)
  2 worms
  3 dart slugs
  6 leopard geckos
  44 orcs
  8 giant cockroaches
  23 goblins
  11 hobgoblins
  23 jackals
  5 quokkas
  2 ball pythons
  5 bats
  3 frilled lizards
  11 kobolds
  A leopard gecko zombie (D:5)
  A quokka skeleton (D:7)
  A quokka zombie (D:6)
  14 rats
302 creatures vanquished.

Vanquished Creatures (others)
  4 fungi (D:8)
  3 plants (D:8)
7 creatures vanquished.

Grand Total: 309 creatures vanquished

Notes
Turn   | Place    | Note
-------+----------+-------------------------------------------
     0 | D:1      | vvl the Draconian Transmuter began the quest for the Orb.
     0 | D:1      | Reached XP level 1. HP: 16/16 MP: 3/3
   230 | D:1      | Reached XP level 2. HP: 23/23 MP: 5/5
   608 | D:1      | Reached XP level 3. HP: 17/28 MP: 6/6
  1239 | D:2      | Reached XP level 4. HP: 35/35 MP: 7/7
  1240 | D:2      | Found a glowing silver altar of Zin.
  2121 | D:3      | Noticed an ogre
  2147 | D:3      | Killed an ogre
  2148 | D:3      | Reached skill level 4 in Unarmed Combat
  2148 | D:3      | Reached XP level 5. HP: 32/41 MP: 6/9
  2983 | D:4      | Reached XP level 6. HP: 30/49 MP: 10/10
  3515 | D:4      | Reached skill level 1 in Evocations
  3993 | D:5      | Entered Level 5 of the Dungeon
  3999 | D:5      | Noticed Edmund
  4027 | D:4      | Killed Edmund
  4028 | D:4      | Reached skill level 1 in Shields
  4028 | D:4      | Your scales start taking on a dull iron-grey colour.
  4028 | D:4      | Reached XP level 7. HP: 52/57 MP: 8/12
  4028 | D:4      | Gained mutation: You can survive without breathing. [Grey
                  | Draconian growth]
  4159 | D:5      | Found a shimmering altar of Xom.
  4286 | D:5      | Found an opulent altar of Gozag.
  4306 | D:5      | Reached skill level 1 in Earth Magic
  4324 | D:5      | Noticed Eustachio
  4337 | D:5      | Killed Eustachio
  4338 | D:5      | Reached skill level 1 in Necromancy
  4424 | D:5      | Reached skill level 5 in Unarmed Combat
  4462 | D:5      | Reached XP level 8. HP: 56/64 MP: 13/13
  5316 | D:6      | Found a staircase to the Ecumenical Temple.
  5405 | D:6      | Found a blossoming altar of Fedhas.
  5606 | D:6      | Reached skill level 5 in Transmutations
  5757 | D:6      | Found a sparkling altar of Nemelex Xobeh.
  5820 | Temple   | Entered the Ecumenical Temple
  5962 | Temple   | Became a worshipper of Kikubaaqudgha
  6050 | D:6      | Found a sparkling altar of Nemelex Xobeh.
  6052 | D:6      | Found a basalt altar of Yredelemnul.
  6145 | D:6      | Reached XP level 9. HP: 72/72 MP: 15/15
  6228 | D:7      | Found a hide-covered altar of Uskayaw.
  7111 | D:8      | Noticed a komodo dragon
  7113 | D:8      | Noticed a komodo dragon
  7639 | D:7      | Killed a komodo dragon
  7640 | D:7      | Reached skill level 5 in Fighting
  7640 | D:7      | Reached skill level 1 in Maces & Flails
  7692 | D:7      | Reached skill level 6 in Unarmed Combat
  8276 | D:8      | Found a radiant altar of Vehumet.
  8337 | D:8      | Found a radiant altar of Vehumet.
  8409 | D:8      | Reached * piety under Kikubaaqudgha
  8409 | D:8      | Identified Kikubaaqudgha's Compendium of Darkness
                  | (Kikubaaqudgha gifted it to you on level 8 of the Dungeon)
  8409 | D:8      | Received a gift from Kikubaaqudgha
  8419 | D:8      | Found a shadowy altar of Dithmenos.
  8586 | D:8      | Found a staircase to the Lair.
  8599 | D:8      | Reached XP level 10. HP: 50/79 MP: 17/17
  8812 | D:9      | Found a glowing golden altar of the Shining One.
  8847 | D:9      | Reached skill level 5 in Spellcasting
  8847 | D:9      | Reached skill level 5 in Earth Magic
  8851 | D:9      | Found a flagged portal.
  8886 | Bailey   | Entered a bailey
  8886 | Bailey   | Noticed an orc knight
  8893 | Bailey   | Reached skill level 5 in Dodging
  9065 | D:9      | Reached ** piety under Kikubaaqudgha
  9111 | D:9      | Found Liotabepui's General Store.
  9154 | D:9      | Bought a scroll of identify for 22 gold pieces
  9154 | D:9      | Bought a scroll of amnesia for 38 gold pieces
  9154 | D:9      | Bought a potion of lignification for 33 gold pieces
  9154 | D:9      | Bought a potion of mutation for 88 gold pieces
  9154 | D:9      | Bought a potion of invisibility for 88 gold pieces
  9861 | D:10     | Entered Level 10 of the Dungeon
  9886 | D:10     | Paralysed by a hornet for 3 turns
 10321 | D:10     | Found a sparkling altar of Nemelex Xobeh.
 10376 | D:10     | Killed an unseen horror
 10377 | D:10     | Reached skill level 5 in Evocations
 10397 | D:10     | Reached *** piety under Kikubaaqudgha
 10397 | D:10     | Identified Kikubaaqudgha's Tome of Black Rituals
                  | (Kikubaaqudgha gifted it to you on level 10 of the Dungeon)
 10397 | D:10     | Received a gift from Kikubaaqudgha
 10532 | D:10     | Found a staircase to the Orcish Mines.
 11050 | D:11     | Noticed a seven-headed hydra
 11063 | D:11     | HP: 2/83 [seven-headed hydra (10)]
 11069 | D:11     | Killed a seven-headed hydra
 11070 | D:11     | Reached skill level 7 in Unarmed Combat
 11070 | D:11     | Reached XP level 11. HP: 6/89 MP: 19/19
 11213 | D:11     | Noticed a two-headed ogre
 11214 | D:11     | Noticed a two-headed ogre
 11216 | D:11     | Noticed a two-headed ogre
 11217 | D:11     | Noticed a two-headed ogre
 11224 | D:11     | Killed a two-headed ogre
 11225 | D:11     | Reached skill level 5 in Necromancy
 11243 | D:11     | Killed a two-headed ogre
 11248 | D:11     | Killed a two-headed ogre
 11253 | D:11     | Killed a two-headed ogre
 11311 | D:11     | Noticed a two-headed ogre
 11311 | D:11     | Noticed an ogre mage
 11317 | D:11     | Paralysed by an ogre mage for 6 turns
 11321 | D:11     | Demolished by a two-headed ogre

Illustrated notes

Levels and vault maps discovered:
D:1:      sevenhm_arrival_forest_fort_small_6, layout_loops_ring, serial_glass,
          glass_columns_b, glass_columns_b, minmay_rat_gold_closets
D:2:      layout_basic, nicolae_overflow_crystal_walls
D:3:      layout_loops_ring, minmay_ogre_servants
D:4:      layout_cave_pools
D:5:      layout_loops_ring, grunt_gozag_breadcrumbs, basic_altar,
          uniq_eustachio, uniq_edmund
D:6:      layout_cave_pools, minitemple, minmay_temple_entry_grid, basic_altar,
          nemelex_dance_club_becter
D:7:      layout_gridville, lemuel_centaur_altar
D:8:      layout_cave_pools, lemuel_coloured_pillars_altar,
          grunt_lair_entry_orc_guard_hut, basic_altar,
          nicolae_dithmenos_through_a_glass_darkly
D:9:      layout_big_octagon, overflow_temple_1_default, enter_bailey_3,
          serial_gnoll_camp, gnoll_camp_mini_hut, gnoll_camp_mini_loothouse,
          gnoll_camp_mini_hut, gnoll_camp_mini_shop, lemuel_flame_loot_1
D:10:     layout_basic, david_orc_4, nemelex_diamond_rough_becter
D:11:     layout_cave_pods, lemuel_mausoleum_altar_kikubaaqudgha
Temple:   eino_temple_rhombus

Skill      XL: |  1  2  3  4  5  6  7  8  9 10 11 |
---------------+----------------------------------+-----
Dodging        | 2 3 4 5 |  5.9
Transmutations | 3 4 5 6 |  6.8
Fighting       | 2 3 4 5 6 |  6.6
Unarmed Combat | 4 5 6 7 |  7.3
Spellcasting   | 3 4 5 |  5.9
Evocations     | 1 2 3 4 5 |  5.6
Shields        | 1 3 4 |  4.0
Earth Magic    | 1 3 4 6 |  6.4
Necromancy     | 1 2 3 4 5 |  5.3
Maces & Flails | 1 3 4 |  4.1

Action                   |  1- 3 |  4- 6 |  7- 9 | 10-12 || total
-------------------------+-------+-------+-------+-------++-------
Melee: Whip              |   111 |   185 |    46 |       ||   342
       Tailslap          |     4 |    18 |    31 |    36 ||    89
       Unarmed           |     1 |       |       |       ||     1
       Headbutt          |       |     6 |    15 |       ||    21
       Punch             |       |     2 |       |       ||     2
       Kick              |       |     3 |    20 |       ||    23
       Rapier            |       |       |   290 |   247 ||   537
 Cast: Beastly Appendage |     1 |     7 |    12 |     1 ||    21
Evoke: Wand              |       |       |       |    21 ||    21
  Use: Scroll            |       |     1 |     7 |     4 ||    12
 Stab: Sleeping          |     3 |     1 |     1 |       ||     5
       Paralysed         |       |       |       |     3 ||     3
Armor: Skin              |    43 |    69 |   109 |   101 ||   322
Dodge: Dodged            |    85 |   144 |   354 |   297 ||   880
Block: Buckler           |       |     8 |    91 |    72 ||   171
